 Dungeon Crawl Stone Soup version 0.28-a0-909-g796cbd3a86 (webtiles) character file.

Game seed: 1018773918366680774

95 timneilson the Covered (level 4, -1/29 HPs)
             Began as a Gargoyle Fighter on Nov 25, 2021.
             Killed from afar by Ijyb (30 damage)
             ... with a bolt of acid
             ... on level 3 of the Dungeon.
             The game lasted 00:03:28 (2054 turns).

timneilson the Covered (Gargoyle Fighter)           Turns: 2054, Time: 00:03:29

Health: -1/29      AC: 15    Str: 21    XL:     4   Next: 66%
Magic:  4/4        EV: 10    Int:  8    God:
Gold:   62         SH:  4    Dex:  9    Spells: 3/3 levels left

rFire   . . .      SeeInvis .   a - +1 long sword
rCold   . . .      Faith    .   c - +0 buckler
rNeg    + . .      Spirit   .   b - +0 scale mail
rPois   ∞          Reflect  .   h - +0 helmet
rElec   +          Harm     .   m - +2 cloak
rCorr   .          Rampage  .   (no gloves)
Will    .....                   (no boots)
Stlth   ..........              (no amulet)
HPRegen 0.09/turn               (no ring)
MPRegen 0.09/turn               (no ring)

@: no status effects
A: sickness immunity, AC +3, negative energy resistance 1, electricity
resistance, torment resistance 1, petrification resistance
a: no special abilities


You were on level 3 of the Dungeon.
You visited 1 branch of the dungeon, and saw 3 of its levels.

You collected 62 gold pieces.

Inventory:

Hand Weapons
 a - a +1 long sword (weapon)
Armour
 b - a +0 scale mail (worn)
 c - a +0 buckler (worn)
 h - a +0 helmet (worn)
 m - a +2 cloak (worn)
Scrolls
 g - a scroll of amnesia
Potions
 d - a potion of might
 e - a potion of resistance {unknown}
 f - a potion of curing
 i - a potion of lignification
 j - 2 potions of heal wounds
 l - a potion of attraction {unknown}


   Skills:
 + Level 3.6 Fighting
 * Level 2.5 Long Blades
 * Level 4.1 Armour
 + Level 0.7 Dodging
 * Level 4.1 Shields


You had 3 spell levels left.
You didn't know any spells.
Your spell library contained the following spells:

 Spells                   Type           Power      Damage    Failure   Level
 Passwall                 Tmut/Erth      0%         N/A       86%         2
 Swiftness                Air            0%         N/A       98%         3


Dungeon Overview and Level Annotations

Branches:
Dungeon (3/15)

Altars:

Shops:
D:1 [

Annotations:
D:3 Ijyb


Innate Abilities, Weirdness & Mutations

You are immune to sickness and miasma.
Your stone body is resilient. (AC +3)
You are immune to poison.
You resist negative energy. (rN+)
You are resistant to electric shocks. (rElec)
You are resistant to unholy torment.
You are immune to petrification.


Message History

The adder is moderately wounded.
The adder closely misses you.
You barely miss the adder.
The adder is moderately wounded.
The adder bites you but does no damage. The adder closely misses you.
You slash the adder!
You kill the adder!
You see here an adder corpse.
j - 2 potions of heal wounds (gained 1)
You open the door.
There is a stone staircase leading up here.
An orc comes into view. It is wielding a +0 flail.
The orc shouts!
The orc hits you with a +0 flail.
You slash the orc!
You kill the orc!
You see here a +0 flail.
HP restored.
You pick up a book of Burglary and begin reading...
You add the spells Passwall and Swiftness to your library.
e - a bubbling ruby potion You now have 62 gold pieces (gained 7).
An orc comes into view. It is wielding a +0 dagger.
The orc shouts!
You block the orc's attack.
You slash the orc!
You kill the orc!
You see here a +0 dagger.
Ijyb the Twisted Goblin comes into view.
She is wielding a +0 dagger and carrying a wand of acid (9).
Ijyb shouts!
Ijyb barely misses you.
You hit Ijyb but do no damage.
A hobgoblin comes into view.
Ijyb barely misses you.
You closely miss Ijyb. Ijyb hits you but does no damage.
You slash Ijyb!
Ijyb is moderately wounded.
Ijyb zaps a wand.
The bolt of acid hits you!!
Ouch! That really hurt!
You die...

#.# ... ###.#
...# #g.# #..#
######.g#
.......@#
#######.#
######.#######
..............#
#######.#####.#
#.# #.# #.# #)#
#.# #.# #.# #.#


You could see Ijyb and a hobgoblin.

Vanquished Creatures
  4 adders
  3 worms
  3 dart slugs (D:2)
  2 orcs (D:3)
  5 bats
  6 endoplasms
  2 giant cockroaches
  5 goblins (D:1)
  3 hobgoblins (D:1)
  A quokka (D:1)
  4 ball pythons
  A frilled lizard (D:1)
  A kobold (D:2)
  4 rats
44 creatures vanquished.

Notes
Turn   | Place    | Note
-------+----------+-------------------------------------------
     0 | D:1      | timneilson the Gargoyle Fighter began the quest for the
                  | Orb.
     0 | D:1      | Reached XP level 1. HP: 14/14 MP: 1/1
   229 | D:1      | Reached XP level 2. HP: 15/19 MP: 2/2
   535 | D:1      | Found Icelim's Antique Armour Emporium.
  1135 | D:2      | Reached XP level 3. HP: 17/23 MP: 3/3
  1580 | D:2      | Reached XP level 4. HP: 24/28 MP: 4/4
  2048 | D:3      | Noticed Ijyb
  2054 | D:3      | Killed from afar by Ijyb

Illustrated notes

Levels and vault maps discovered:
D:1:      heliophobic_arrival_dark_side_of_the_moon, layout_basic, serial_shops,
          nicolae_shop_trees
D:2:      layout_basic
D:3:      layout_basic, uniq_terence, uniq_robin, uniq_ijyb, uniq_natasha

Skill      XL: |  1  2  3  4 |
---------------+-------------+-----
Long Blades    | 2 |  2.5
Armour         | 4 |  4.1
Shields        | 4 |  4.1
Fighting       | |  3.6
Dodging        | |  0.7

Action                   |  1- 3 |  4- 6 || total
-------------------------+-------+-------++-------
Melee: Long sword        |   109 |    34 ||   143
  Use: Scroll            |     4 |     3 ||     7
Armor: Scale mail        |    71 |    22 ||    93
Dodge: Dodged            |    61 |    16 ||    77
Block: Buckler           |    21 |     8 ||    29

Table legend: (Time is in decaauts)
 A = Elapsed time spent in this place.
 B = Non-inter-level travel time spent in this place.
 C = Inter-level travel time spent in this place.
 D = Time resting spent in this place.
 E = Time spent auto-exploring this place.
 F = Levels seen in this place.
 G = Mean time per level.
                   A        B        C        D        E       F      G
               +--------+--------+--------+--------+--------+-----+--------+
         Total |   2096 |   2058 |     38 |      0 |   1664 |   3 |  698.7 |
       Dungeon |   2096 |   2058 |     38 |      0 |   1664 |   3 |  698.7 |
               +--------+--------+--------+--------+--------+-----+--------+

Top non-repeatable levels by time:
     D:1: 1145 daAuts
     D:2: 806 daAuts
     D:3: 144 daAuts
